 Dungeon Crawl Stone Soup version 0.13-a0-3008-g2a6619c (webtiles) character file.

455 Econoterrorist the Chopper (level 5, -4/46 HPs)
             Began as a Minotaur Fighter on Sept 9, 2013.
             Was an Initiate of Okawaru.
             Slain by Eustachio
             ... wielding a +2,+5 falchion of protection
              (9 damage)
             ... on Level 4 of the Dungeon.
             The game lasted 00:11:22 (1867 turns).

Econoterrorist the Chopper (Minotaur Fighter)       Turns: 1867, Time: 00:11:22

HP  -4/46        AC 10     Str 25      XL: 5   Next: 17%
MP   1/1         EV  7     Int  5      God: Okawaru [......]
Gold 295         SH 19     Dex 10      Spells:  0 memorised,  4 levels left

Res.Fire  : . . .   See Invis. : .   a - +0 hand axe {=f}
Res.Cold  : . . .   Warding    : .   b - +0 scale mail
Life Prot.: . . .   Conserve   : .   c - +0 shield
Res.Poison: .       Res.Corr.  : .   (helmet restricted)
Res.Elec. : .       Clarity    : .   u - +2 cloak
Sust.Abil.: . .     Spirit.Shd : .   (no gloves)
Res.Mut.  : .       Stasis     : .   (no boots)
Res.Rott. : .       Flight     : .   (no amulet)
Saprovore : . . .                    (no ring)
                                     m - +4 ring of strength

@: slightly resistant to hostile enchantments, extremely unstealthy
A: retaliatory headbutt, horns 2
a: Renounce Religion


You were on level 4 of the Dungeon.
You worshipped Okawaru.
Okawaru was noncommittal.
You were very hungry.

You visited 1 branch of the dungeon, and saw 4 of its levels.

You collected 275 gold pieces.

Inventory:

Hand weapons
 a - a +0,+0 hand axe (weapon) {=f}
Armour
 b - a +0 scale mail (worn)
 c - a +0 shield (worn)
 u - a +2 cloak (worn)
Magical devices
 n - a wand of cold (5) {unknown}
 s - a wand of magic darts (16) {unknown}
Comestibles
 d - a bread ration
 g - 4 meat rations
 h - 2 chokos
 j - a beef jerky
 o - an apple
Scrolls
 e - 6 scrolls of identify {unknown}
 f - 4 scrolls of teleportation {unknown}
 i - a scroll of remove curse {unknown}
 p - 2 scrolls of enchant weapon II {unknown}
 t - a scroll of curse armour {unknown}
 v - a scroll of amnesia {unknown}
Jewellery
 m - a +4 ring of strength (left hand)
Potions
 q - a potion of slowing {unknown}
Books
 r - a Grand Grimoire {highlevel}

   This book is beyond your current level of understanding.

   Spells                             Type                      Level
   Demonic Horde                      Summoning                    6
   Mass Abjuration                    Summoning                    6
   Haunt                              Necromancy/Summoning         7
   Summon Greater Demon               Summoning                    7
   Malign Gateway                     Summoning/Translocation      7
   Summon Horrible Things             Summoning                    8


   Skills:
 - Level 3.6 Fighting
 + Level 6.3 Axes
 - Level 3.6 Armour
 - Level 1.0 Dodging
 - Level 0.1 Stealth
 - Level 3.6 Shields


You had 4 spell levels left.
You didn't know any spells.

Dungeon Overview and Level Annotations

Branches:
Dungeon (4/27)
 Temple: D:4-7

Altars:
Nemelex Xobeh
Okawaru

Annotations:
D:4 Eustachio


Innate Abilities, Weirdness & Mutations

You reflexively headbutt those who attack you in melee.
You have a pair of horns on your head.


Message History

Your shield and scale mail prevent you from hitting the grey rat.
The grey rat is severely wounded.
You block the grey rat's attack.
The grey rat bites you but does no damage.
You completely miss the grey rat.
The grey rat is moderately wounded.
You hit Eustachio.
Eustachio is heavily wounded.
You hit the grey rat.
You kill the grey rat!
The grey rat's corpse disappears in a puff of smoke!
Eustachio hits you with a runed falchion!
* * * LOW HITPOINT WARNING * * *
The grey rat bites you but does no damage.
Drink which item? (? for menu, Esc to quit)
You feel refreshed.
It was a potion of restore abilities.
The grey rat bites you.
* * * LOW HITPOINT WARNING * * *
Eustachio hits you with a runed falchion!
You die...

#.. ##.########...#
##.. ##...#...####.##
..# #.........# #.#
#.#
#.........###.#####
.#
#......%..........#
.#
####...#.)..###.###.#
#.......?.#.###.#
#....#..........#
#......@@...###.#
#....#.#r....)..#
#.#. #.####...... # #
#.# #.###.# #.# #.#
#(# #.# . [.. ... ...


You could see Eustachio and a grey rat.

Vanquished Creatures
  A worker ant (D:3)
  Jessica (D:3)
  4 adders
  A worm (D:3)
  A grey rat (D:4)
  A giant eyeball (D:4)
  2 oozes
  An orc (D:3)
  7 bats
  2 giant cockroaches
  4 goblins
  11 hobgoblins
  7 jackals
  4 kobolds
  4 quokkas (D:3)
  4 training dummies (D:3)
  2 ball pythons
  3 giant geckos (D:1)
  5 giant newts
  A quokka zombie (D:3)
  8 rats
74 creatures vanquished.

Notes
Turn   | Place    | Note
--------------------------------------------------------------
     0 | D:1      | Econoterrorist, the Minotaur Fighter, began the quest for the Orb.
     0 | D:1      | Reached XP level 1. HP: 19/19 MP: 0/0
   193 | D:1      | Reached XP level 2. HP: 26/26 MP: 0/0
   585 | D:2      | Reached skill level 1 in Dodging
   611 | D:2      | Reached XP level 3. HP: 31/33 MP: 1/1
   685 | D:2      | Reached skill level 4 in Axes
  1171 | D:3      | Found an iron altar of Okawaru.
  1175 | D:3      | Reached XP level 4. HP: 39/39 MP: 1/1
  1185 | D:3      | Reached skill level 5 in Axes
  1235 | D:3      | Became a worshipper of Warmaster Okawaru
  1462 | D:3      | Noticed Jessica
  1470 | D:3      | Killed Jessica
  1470 | D:3      | Reached skill level 6 in Axes
  1472 | D:3      | Reached XP level 5. HP: 35/46 MP: 1/1
  1562 | D:3      | Found a sparkling altar of Nemelex Xobeh.
  1836 | D:4      | Noticed Eustachio
  1867 | D:4      | Slain by Eustachio

Action                   |  1- 3 |  4- 6 || total
-------------------------+-------+-------++-------
Melee: Hand axe          |   102 |    73 ||   175
  Use: Potion            |       |     2 ||     2
